 Dungeon Crawl Stone Soup version 0.30.1 (webtiles) character file.

Game seed: 6687866669369432092

608 GeoRichter the Chiller (level 7, 0/50 HPs)
             Began as a Yellow Draconian Ice Elementalist on July 5, 2023.
             Slain by an ogre
             ... wielding a +0 giant club
              (24 damage)
             ... on level 5 of the Dungeon.
             The game lasted 00:04:39 (4064 turns).

GeoRichter the Chiller (DrIE)                       Turns: 4064, Time: 00:04:39

Health: 0/50       AC:  6    Str: 10    XL:     7   Next: 19%
Magic:  0/13       EV: 12    Int: 17    God:
Gold:   186        SH:  0    Dex: 12    Spells: 7/14 levels left

rFire   . . .        b - +2 short sword (elec)
rCold   + . .        (no shield)
rNeg    . . .        (body armour unavailable)
rPois   .            (helmet restricted)
rElec   .            (no cloak)
rCorr   +            (no gloves)
SInv    .            (no boots)
Will    .....        v - amulet of guardian spirit
Stlth   ++           x - ring of protection from cold
HPRegen 0.28/turn    (no ring)
MPRegen 0.13/turn

%: guardian spirit
@: short of breath
A: spit acid, AC +6, unfitting armour, cold-blooded, acid resistance
a: Breathe Acid


You were on level 5 of the Dungeon.
You visited 1 branch of the dungeon, and saw 5 of its levels.

You collected 186 gold pieces.

Inventory:

Hand Weapons
 b - a +2 short sword of electrocution (weapon)
   (You found it on level 1 of the Dungeon)
Armour
 u - a +0 buckler
   (You found it on level 3 of the Dungeon)
Magical Staves
 m - a staff of conjuration {!a}
   (You found it on level 2 of the Dungeon)
Jewellery
 j - a ring of fire
   (You found it on level 1 of the Dungeon)
 v - an amulet of guardian spirit (around neck)
   (You found it on level 3 of the Dungeon)
 x - a ring of protection from cold (left hand)
   (You found it on level 3 of the Dungeon)
Scrolls
 a - 5 scrolls of identify {unknown}
 c - a scroll of enchant weapon {unknown}
 f - 3 scrolls of amnesia {unknown}
 g - 2 scrolls of fear {unknown}
 n - a scroll of immolation {unknown}
 o - a scroll of poison {unknown}
 p - 2 scrolls of enchant armour {unknown}
 s - a scroll of magic mapping {unknown}
 t - 2 scrolls of fog {unknown}
 w - a scroll of blinking {unknown}
 y - a scroll of noise {unknown}
 z - 2 scrolls of teleportation {unknown}
Potions
 d - 2 potions of haste {unknown}
 e - 2 potions of might {unknown}
 h - 2 potions of berserk rage {unknown}
 i - 2 potions of curing {@q1}
 k - 2 potions of attraction {unknown}
 l - 2 potions of resistance {unknown}
 q - a potion of lignification {unknown}
 r - a potion of heal wounds {unknown}


   Skills:
 - Level 1.7 Dodging
 - Level 1.7 Stealth
 + Level 4.1 Spellcasting
 * Level 7.8 Ice Magic


You had 7 spell levels left.
You knew the following spells:

 Your Spells              Type           Power      Damage    Failure   Level
a - Freeze                Ice            100%       1d10      1%          1
b - Frozen Ramparts       Ice            60%        1d10      1%          3
c - Ozocubu's Armour      Ice            30%        N/A       1%          3

Your spell library contained the following spells:

 Spells                   Type           Power      Damage    Failure   Level
 Slow                     Hex            12%        N/A       16%         1
 Summon Ice Beast         Ice/Summ       16%        N/A       30%         4
 Confusing Touch          Hex            3%         N/A       43%         3
 Vampiric Draining        Necr           3%         2d6       43%         3
 Blade Hands              Tmut           1%         N/A       99%         5
 Iron Shot                Conj/Erth      1%         9d1       100%        6
 Animate Armour           Summ/Erth      Unusable   N/A       N/A         4

Dungeon Overview and Level Annotations

Branches:
Dungeon (5/15) Zot: 25884
 Temple: D:4-7

Altars:
Yredelemnul
The Shining One

Shops:
D:3 [

Annotations:
D:3 1 runed translucent door, Crazy Yiuf


Innate Abilities, Weirdness & Mutations

You can spit globs of acid.
Your golden yellow scales are hard. (AC +6)
You cannot fit into any form of body armour.
You are cold-blooded and may be slowed by cold attacks.
You are resistant to acid. (rCorr)


Message History

No target in view!
There is an escape hatch in the ceiling here.
You see here a +0 club.
There is a stone staircase leading down here.
You climb downwards.
Found 5 stones, a trident and a robe.
There is a stone staircase leading up here.
No target in view!
No target in view!
Found 21 gold pieces.
Found a scroll labelled XOORUKK MIVYI.
You now have 186 gold pieces (gained 21).
Found 13 gold pieces.
t - 2 scrolls labelled XOORUKK MIVYI (gained 1)
A hound comes into view.
A hound is nearby!
You can't see any susceptible monsters within range! (Use Z to cast anyway.)
An ogre comes into view. It is wielding a +0 giant club.
The hound barks!
You can't see any susceptible monsters within range! (Use Z to cast anyway.) Unknown command.
Press: ? - help, Shift-Dir - straight line, f - hound
Aim: a hound (51% to hit)
You spit a glob of acid.
The glob of acid hits the hound!!
The acid corrodes the hound!
You kill the hound!
An ogre is nearby!
You hit the ogre. You tail-slap the ogre.
The ogre is lightly wounded.
The ogre closely misses you.
You barely miss the ogre.
The ogre is lightly wounded.
You hit the ogre. You tail-slap the ogre.
The ogre is lightly wounded.
The ogre misses you.
You completely miss the ogre.
Your tail-slap misses the ogre.
The ogre is lightly wounded.
The ogre hits you with a +0 giant club!
You barely miss the ogre.
The ogre is lightly wounded.
You barely miss the ogre.
The ogre is lightly wounded.
The ogre hits you with a +0 giant club!!
* * * LOW HITPOINT WARNING * * *
Casting: Ozocubu's Armour (safe; 1% risk of failure)
Confirm with . or Enter, or press ? or * to list all spells.
Okay, then.
It was a potion of curing.
You feel better.
The ogre hits you with a +0 giant club!!
You die...

#### ..# . #.# #.
...#### #.#### #.#
.......##....# #.##
#O@.....####..#####
#######...........#
######.......(....
$..................
####...............
####............
##.....).....
............[..
######....#.##.


You could see an ogre.

Vanquished Creatures
  3 necrophages (D:4)
  2 wights (D:4)
  A human zombie (D:4)
  2 hounds
  An orc priest (D:4)
  2 scorpion zombies (D:4)
  A hound zombie (D:4)
  A howler monkey zombie (D:4)
  3 adders
  An ufetubus (D:4)
  2 adder zombies (D:4)
  2 dart slugs (D:4)
  4 orcs
  4 bats
  4 endoplasms
  3 giant cockroaches
  8 goblins
  7 hobgoblins
  4 jackals (D:1)
  10 kobolds
  A quokka (D:1)
  2 ball pythons
  3 frilled lizards
  6 rats
77 creatures vanquished.

Notes
Turn   | Place    | Note
-------+----------+-------------------------------------------
     0 | D:1      | GeoRichter the Draconian Ice Elementalist began the quest
                  | for the Orb.
     0 | D:1      | Reached XP level 1. HP: 14/14 MP: 3/3
   145 | D:1      | Reached XP level 2. HP: 15/20 MP: 0/5
   862 | D:2      | Reached skill level 5 in Ice Magic
   868 | D:2      | Reached XP level 3. HP: 26/26 MP: 0/6
   872 | D:2      | Learned a level 3 spell: Frozen Ramparts
  2174 | D:3      | Reached XP level 4. HP: 33/33 MP: 4/7
  2179 | D:3      | Learned a level 3 spell: Ozocubu's Armour
  2322 | D:3      | Found a glowing golden altar of the Shining One.
  2392 | D:3      | Found a runed translucent door.
  2393 | D:3      | Noticed Crazy Yiuf
  2440 | D:3      | Found Pizxomn's Antique Armour Boutique.
  3249 | D:4      | Reached skill level 6 in Ice Magic
  3249 | D:4      | Reached XP level 5. HP: 37/38 MP: 1/9
  3638 | D:4      | Reached XP level 6. HP: 44/45 MP: 6/10
  3673 | D:4      | Found a basalt altar of Yredelemnul.
  3720 | D:4      | Reached skill level 7 in Ice Magic
  3890 | D:4      | Your scales start taking on a golden yellow colour.
  3890 | D:4      | Reached XP level 7. HP: 40/50 MP: 8/13
  3890 | D:4      | Gained mutation: You are resistant to acid. (rCorr) [Yellow
                  | Draconian growth]
  4031 | D:5      | Entered Level 5 of the Dungeon
  4064 | D:5      | Slain by an ogre

Illustrated notes

Levels and vault maps discovered:
D:1:      dpeg_arrival_solitude, layout_loops_ring
D:2:      layout_basic, chequers_serial_rivers_large_b, lexackson_kobold_supper
D:3:      layout_loops_ring, tso_altar, serial_shops,
          nicolae_shop_tiny_real_fake_doors, uniq_crazy_yiuf_cottage
D:4:      layout_loops_cross, lemuel_mausoleum_altar_yredelemnul,
          chequers_serial_rivers_room_b
D:5:      layout_rooms, mainiacjoe_overflow_six_doors_small,
          minmay_temple_entry_offerings, st_stairs_13

Skill      XL: |  1  2  3  4  5  6 |
---------------+-------------------+-----
Ice Magic      | 5 6 7 |  7.8
Spellcasting   | 3 4 |  4.1
Dodging        | |  1.7
Stealth        | |  1.7

Action                     |  1- 3 |  4- 6 |  7- 9 || total
---------------------------+-------+-------+-------++-------
  Melee: Short sword       |    18 |   106 |    13 ||   137
         Tailslap          |     3 |    15 |     2 ||    20
         Unarmed           |     1 |       |       ||     1
   Cast: Freeze            |    57 |    20 |       ||    77
         Frozen Ramparts   |       |     3 |       ||     3
         Ozocubu's Armour  |       |     7 |       ||     7
Ability: Breathe Acid      |       |       |     1 ||     1
    Use: Potion            |     1 |       |     1 ||     2
   Stab: Sleeping          |     1 |     4 |       ||     5
 Armour: Skin              |    14 |    40 |     3 ||    57
  Dodge: Dodged            |    38 |    66 |     5 ||   109
